 Dungeon Crawl Stone Soup version 0.30-b1-2-g02819fbbbe (webtiles) character file.

Game seed: 17866306072757942258

4952 snakesoul the Jinx (level 10, -1/50 HPs)
             Began as a Deep Elf Conjurer on June 11, 2023.
             Was a Believer of Vehumet.
             Slain by a wolf (3 damage)
             ... while petrified by a basilisk
             ... on level 1 of the Lair of Beasts.
             The game lasted 00:24:45 (10046 turns).

snakesoul the Jinx (Deep Elf Conjurer)             Turns: 10046, Time: 00:24:45

Health: -1/50      AC:  3    Str:  4    XL:     10   Next: 28%
Magic:  16/24      EV:  2    Int: 28    God:    Vehumet [**....]
Gold:   457        SH:  0    Dex: 13    Spells: 7/26 levels left

rFire   . . .        k - staff of conjuration
rCold   + . .        (no shield)
rNeg    + + +        a - +0 robe
rPois   ∞            y - +0 helmet
rElec   .            (no cloak)
rCorr   .            (no gloves)
SInv    .            h - +0 pair of boots
Will    +....        x - amulet of regeneration
Stlth   +++          e - +5 ring of evasion
HPRegen 1.08/turn    o - ring of wizardry
MPRegen 0.19/turn

%: wizardry (x1)
@: lethally poisoned (-1 -> -1), petrified
A: camouflage 1, cold resistance 1, deformed body, frail 1
a: Renounce Religion


You were on level 1 of the Lair of Beasts.
You worshipped Vehumet.
Vehumet was pleased with you.
You visited 3 branches of the dungeon, and saw 10 of its levels.

You collected 527 gold pieces.
You spent 70 gold pieces at shops.

Inventory:

Armour
 a - a +0 robe (worn)
 h - a +0 pair of boots (worn)
 y - a +0 helmet (worn)
Magical Staves
 k - a staff of conjuration (weapon)
Jewellery
 e - a +5 ring of evasion (left hand)
 g - a ring of ice
 l - a ring of flight
 o - a ring of wizardry (right hand)
 x - an amulet of regeneration (around neck)
 I - a ring of magical power
Wands
 p - a wand of flame (22)
 E - a wand of iceblast (8)
 F - a wand of charming (3)
Scrolls
 d - a scroll of vulnerability {unknown}
 i - 4 scrolls of teleportation
 j - 2 scrolls of fog {unknown}
 m - 4 scrolls of identify
 r - 2 scrolls of blinking {unknown}
 s - a scroll of magic mapping {unknown}
 u - 3 scrolls of enchant armour {unknown}
 w - 2 scrolls of silence {unknown}
 z - a scroll of acquirement {unknown}
 A - a scroll of enchant weapon {unknown}
 D - a scroll of fear {unknown}
Potions
 b - 2 potions of brilliance
 c - a potion of ambrosia
 f - 2 potions of curing
 n - 2 potions of resistance
 q - a potion of experience {unknown}
 t - a potion of might {unknown}
 v - 2 potions of berserk rage {unknown}
 B - 2 potions of flight {unknown}
 C - a potion of lignification {unknown}
 G - a potion of heal wounds
 H - 4 potions of haste {unknown}


   Skills:
 + Level 3.6 Fighting
 - Level 2.4 Dodging
 - Level 2.4 Stealth
 + Level 8.7 Spellcasting
 + Level 8.4 Conjurations
 - Level 11.6 Hexes
 - Level 2.0 Translocations
 + Level 7.0 Earth Magic


You had 7 spell levels left.
You knew the following spells:

 Your Spells              Type           Power      Damage    Failure   Level
a - Magic Dart            Conj           100%       1d8       1%          1
b - Searing Ray           Conj           100%       2d8       1%          2
c - Stone Arrow           Conj/Erth      100%       3d13      1%          3
d - Blink                 Tloc           46%        N/A       1%          2
e - Fulminant Prism       Conj/Hex       40%        3d19      1%          4
f - Iskenderun's Mystic   Conj/Tloc      58%        2d12      2%          4
g - Teleport Other        Tloc           23%        N/A       2%          3

Your spell library contained the following spells:

 Spells                   Type           Power      Damage    Failure   Level
 Static Discharge         Conj/Air       100%       2-7/arc   1%          2
 Necrotise                Necr           48%        1d6       1%          1
 Lesser Beckoning         Tloc           46%        N/A       1%          2
 Momentum Strike          Conj/Tloc      100%       3d10      1%          2
 Dazzling Flash           Conj/Hex       100%       N/A       1%          3
 Cigotuvi's Dreadful Rot  Necr/Pois/Air  24%        N/A       2%          2
 Gell's Gravitas          Tloc           23%        N/A       2%          3
 Vhi's Electric Charge    Tloc/Air       36%        N/A       3%          3
 Animate Armour           Summ/Erth      62%        N/A       4%          4
 Silence                  Hex/Air        22%        N/A       4%          5
 Summon Mana Viper        Hex/Summ       44%        N/A       4%          5
 Ignite Poison            Fire/Tmut/Pois 12%        N/A       6%          3
 Vampiric Draining        Necr           12%        2d6       6%          3
 Passage of Golubria      Tloc           23%        N/A       8%          4
 Arcjolt                  Conj/Air       26%        1d36      9%          5
 Freezing Cloud           Conj/Ice/Air   21%        6-21      16%         5
 Dispel Undead            Necr           12%        3d9       17%         4
 Summon Ice Beast         Ice/Summ       12%        N/A       17%         4
 Agony                    Necr           12%        N/A       43%         5
 Death Channel            Necr           6%         N/A       93%         6
 Monstrous Menagerie      Summ           6%         N/A       100%        7
 Lehudib's Crystal Spear  Conj/Erth      35%        10d9      99%         8
 Maxwell's Capacitive Co  Air            6%         ∞         100%        8


Dungeon Overview and Level Annotations

Branches:
Dungeon (8/15)             Temple (1/1) D:6            Lair (1/5) D:8

Altars:
Ashenzari
Cheibriados
Elyvilon
Fedhas
Gozag
Hepliaklqana
Nemelex Xobeh
Okawaru
Ru
Trog
Vehumet
Yredelemnul
Zin

Shops:
D:2 [:[!(   D:5 !   D:6 *


Innate Abilities, Weirdness & Mutations

Your skin changes colour to match your surroundings (Stealth+).
Your flesh is cold resistant. (rC+)
Armour fits poorly on your strangely shaped body.
You are frail. (-10% HP)


Message History

You feel a surge of power!
The stone arrow hits the water moccasin!!
You kill the water moccasin!
Vehumet accepts your kill.
You feel your power returning.
You feel very sick. The basilisk gazes at you.
You easily resist.
You have turned to stone.
Your Earth Magic skill increases to level 7!
The basilisk gazes at you. The wolf bites you.
A wolf comes into view.
The wolf bites you! The wolf bites you. The wolf bites you! The wolf bites you.
A wolf comes into view.
The wolf bites you.
The wolf moves out of view.
The wolf bites you. The wolf bites you but does no damage.
A wolf comes into view.
The basilisk bites you!
The wolf howls!
You hear a howl!
The wolf bites you. x3; The basilisk bites you!
A wolf comes into view.
The wolf bites you!
* * * LOW HITPOINT WARNING * * *
The wolf bites you!
* * * LOW HITPOINT WARNING * * *
The wolf bites you.
* * * LOW HITPOINT WARNING * * *
The wolf bites you.
* * * LOW HITPOINT WARNING * * *
The basilisk barely misses you. The wolf bites you.
* * * LOW HITPOINT WARNING * * *
The wolf bites you.
* * * LOW HITPOINT WARNING * * *
The wolf bites you but does no damage. The wolf bites you.
* * * LOW HITPOINT WARNING * * *
The wolf bites you.
You die...

#....### ##.⌠.##
##...# #...##
#.....# ##....##
#...## #⌠.>.⌠#
#......###
#....### #.....#
#..#..#..P#
##...#.# ##...##
#..######...
##.^.##
###'#.##..# #..#
###..###.....##.#
##..
####...h.....#.#
##..
#.....#h@h......
#...
#......#lhh#..#..
#...
#...#.........# .
#...
...#...⌠...⌠....
#...
+..#.....⌠.......
#... #.
#...⌠...⌠.?.#.
##..
##.........## #..
#......#..# ###


You could see a basilisk and 5 wolves.

Vanquished Creatures
  A two-headed ogre (D:6)
  A manticore (D:8)
  A cane toad (Lair:1)
  A hornet (D:8)
  Prince Ribbit (D:8)
  A wyvern (D:7)
  A steam dragon (D:8)
  A water moccasin (Lair:1)
  An orc warrior (D:6)
  2 ice beasts
  A hornet zombie (D:7)
  3 black bears
  2 sky beasts
  An ogre (D:6)
  A centaur (D:8)
  2 kobold brigands (D:8)
  A gnoll sergeant (D:6)
  A wyvern zombie (D:7)
  A water moccasin zombie (D:7)
  A wight (D:7)
  2 howler monkeys
  3 electric eels
  5 lava snakes (Lair:1)
  A bullfrog zombie (D:7)
  2 centaur zombies (D:7)
  A human zombie (D:7)
  5 orc priests
  4 hounds
  3 jellies
  2 iguanas (D:7)
  2 sleepcaps
  Natasha (thrice) (D:2)
  Terence (D:3)
  9 orc wizards
  A killer bee zombie (D:7)
  2 howler monkey zombies (D:7)
  A mummy (D:7)
  8 gnolls (D:6)
  3 adders
  2 shadow imps
  2 white imps
  3 ufetubi
  3 dart slugs
  20 orcs
  6 bats
  6 endoplasms
  A giant cockroach (D:2)
  8 goblins
  12 hobgoblins
  7 jackals
  3 quokkas
  4 ball pythons
  2 frilled lizards
  13 kobolds
  A rat (D:3)
  A spectral goblin (D:4)
177 creatures vanquished.

Vanquished Creatures (others)
  26 fulminant prisms
26 creatures vanquished.

Grand Total: 203 creatures vanquished

Notes
Turn   | Place    | Note
-------+----------+-------------------------------------------
     0 | D:1      | snakesoul the Deep Elf Conjurer began the quest for the
                  | Orb.
     0 | D:1      | Reached XP level 1. HP: 10/10 MP: 6/6
   243 | D:1      | Found a faded altar of an unknown god.
   288 | D:1      | Reached XP level 2. HP: 15/15 MP: 4/8
   327 | D:1      | Learned a level 2 spell: Searing Ray
   684 | D:1      | Reached skill level 5 in Conjurations
   974 | D:2      | Noticed an animated shadow dragon scales
   974 | D:2      | Noticed an animated crystal plate armour
   974 | D:2      | Found Didedo's Armour Shop.
  1001 | D:2      | Found Pymnemis's Book Emporium.
  1110 | D:2      | Found Fyfoizoq's Distillery.
  1120 | D:2      | Bought a potion of heal wounds for 70 gold pieces
  1136 | D:2      | Reached XP level 3. HP: 19/19 MP: 8/10
  1140 | D:2      | Learned a level 3 spell: Stone Arrow
  1152 | D:2      | Found Ruch's Antique Weapon Boutique.
  1405 | D:2      | Learned a level 2 spell: Blink
  1443 | D:2      | Noticed Natasha
  1447 | D:2      | Killed Natasha
  1448 | D:2      | Reached skill level 1 in Earth Magic
  1515 | D:2      | Noticed Natasha
  1521 | D:2      | Killed Natasha
  1522 | D:2      | Reached XP level 4. HP: 16/24 MP: 3/12
  1534 | D:2      | Noticed Natasha
  1537 | D:2      | Killed Natasha
  1640 | D:2      | Found Nuofriuf's Armour Emporium.
  1776 | D:3      | Found a snail-covered altar of Cheibriados.
  2160 | D:3      | Reached XP level 5. HP: 28/28 MP: 10/13
  2162 | D:3      | Noticed Terence
  2169 | D:3      | Killed Terence
  3347 | D:4      | Noticed a black bear
  3353 | D:4      | Killed a black bear
  3354 | D:4      | Reached skill level 5 in Spellcasting
  3354 | D:4      | Reached XP level 6. HP: 32/32 MP: 6/15
  4091 | D:4      | Found a hazy altar of Hepliaklqana.
  4134 | D:5      | Entered Level 5 of the Dungeon
  4313 | D:5      | Found Emaphy's Distillery.
  4616 | D:5      | Learned a level 4 spell: Fulminant Prism
  4621 | D:5      | Learned a level 4 spell: Iskenderun's Mystic Blast
  4628 | D:5      | Reached XP level 7. HP: 36/36 MP: 13/17
  4778 | D:5      | Reached skill level 1 in Hexes
  4780 | D:5      | Reached skill level 2 in Hexes
  5167 | D:6      | Reached skill level 3 in Hexes
  5267 | D:6      | Found a staircase to the Ecumenical Temple.
  5271 | D:6      | Reached skill level 4 in Hexes
  5281 | Temple   | Entered the Ecumenical Temple
  5376 | Temple   | Became a worshipper of Vehumet
  5410 | D:6      | Reached skill level 5 in Hexes
  5540 | D:6      | Gained mutation: You have a pair of small antennae on your
                  | head. [potion of mutation]
  5540 | D:6      | Gained mutation: You do not regenerate when monsters are
                  | visible. [potion of mutation]
  5540 | D:6      | Gained mutation: You occasionally shout uncontrollably at
                  | your foes. [potion of mutation]
  5540 | D:6      | Gained mutation: Your skin changes colour to match your
                  | surroundings (Stealth+). [potion of mutation]
  5545 | D:6      | Reached skill level 6 in Hexes
  5645 | D:6      | Noticed a two-headed ogre
  5837 | D:6      | Reached skill level 7 in Hexes
  5837 | D:6      | Reached XP level 8. HP: 41/41 MP: 11/18
  6138 | D:6      | Reached skill level 8 in Hexes
  6337 | D:6      | Reached skill level 9 in Hexes
  6580 | D:6      | Killed a two-headed ogre
  6580 | D:6      | Reached * piety under Vehumet
  6580 | D:6      | Offered knowledge of Shock by Vehumet.
  6581 | D:6      | Reached skill level 11 in Hexes
  6781 | D:6      | Found Ykiolump's Gadget Gallery.
  6851 | D:6      | Reached XP level 9. HP: 45/45 MP: 8/20
  6968 | D:6      | Reached skill level 1 in Translocations
  7422 | D:7      | Lost mutation: You have a pair of small antennae on your
                  | head. [potion of mutation]
  7422 | D:7      | Lost mutation: You occasionally shout uncontrollably at
                  | your foes. [potion of mutation]
  7422 | D:7      | Gained mutation: You are somewhat resistant to further
                  | mutation. [potion of mutation]
  7422 | D:7      | Gained mutation: Armour fits poorly on your strangely
                  | shaped body. [potion of mutation]
  7423 | D:7      | Lost mutation: You are somewhat resistant to further
                  | mutation. [potion of mutation]
  7423 | D:7      | Lost mutation: You do not regenerate when monsters are
                  | visible. [potion of mutation]
  7423 | D:7      | Gained mutation: You are frail. (-10% HP) [potion of
                  | mutation]
  7423 | D:7      | Gained mutation: Your flesh is cold resistant. (rC+)
                  | [potion of mutation]
  7497 | D:7      | Reached skill level 5 in Earth Magic
  7591 | D:7      | Reached skill level 1 in Fighting
  7642 | D:7      | Learned a level 3 spell: Teleport Other
  7671 | D:7      | Found a flagged portal.
  7922 | D:7      | Found a basalt altar of Yredelemnul.
  8179 | D:7      | Offered knowledge of Static Discharge by Vehumet.
  8274 | D:8      | Reached ** piety under Vehumet
  8276 | D:8      | HP: 2/43 [hornet (16)]
  8276 | D:8      | Paralysed by a hornet for 1 turns
  8581 | D:8      | Found an iron altar of Okawaru.
  8581 | D:8      | Found a white marble altar of Elyvilon.
  8581 | D:8      | Found a blossoming altar of Fedhas.
  8667 | D:8      | Found an opulent altar of Gozag.
  8682 | D:8      | Noticed Prince Ribbit
  8837 | D:8      | Found a broken altar of Ashenzari.
  8838 | D:8      | Found a sparkling altar of Nemelex Xobeh.
  8848 | D:8      | Killed Prince Ribbit
  9186 | D:8      | Noticed a manticore
  9196 | D:8      | Killed a manticore
  9197 | D:8      | Reached XP level 10. HP: 50/50 MP: 9/24
  9414 | D:8      | Found a staircase to the Lair.
  9698 | Lair:1   | Entered Level 1 of the Lair of Beasts
  9735 | Lair:1   | Noticed a cane toad
  9739 | Lair:1   | Killed a cane toad
 10046 | Lair:1   | HP: 2/50 [wolf (3)]
 10046 | Lair:1   | Slain by a wolf

Illustrated notes

Levels and vault maps discovered:
D:1:      minmay_arrival_glassed_features, layout_basic,
          dreamdust_ecumenical_altar_grove
D:2:      layout_rooms, serial_shops, shop, nicolae_shop_behind_doors,
          nicolae_shop_mannequins, shop, shop, uniq_natasha
D:3:      minmay_skewed_foursquare, layout_basic, lemuel_crystal_altar,
          uniq_terence
D:4:      layout_basic, nicolae_hepliaklqana_monster_ancestors
D:5:      layout_loops_ring, serial_shops, nicolae_shop_hallway_plus,
          minmay_misc_feat_five, grunt_decor_mini_mirrors
D:6:      layout_basic, minmay_temple_entry_stoned_glass, minivault_14,
          nicolae_shop_gadgets
D:7:      layout_rooms, lemuel_mausoleum_altar_yredelemnul, enter_bailey_3
D:8:      layout_loops_corners, mainiacjoe_overflow_catch_the_wave,
          gammafunk_temple_overflow_claw, nicolae_overflow_hidden_temple,
          lair_entry_dummy, uniq_prince_ribbit1
Temple:   hellmonk_temple_of_storms
Lair:1:   layout_layer_cave, nicolae_volcano_entry_vermiform,
          nicolae_lair_liquid_snakes, grunt_megastairs_2, serial_bayou_shore_a

Skill      XL: |  1  2  3  4  5  6  7  8  9 10 |
---------------+-------------------------------+-----
Conjurations   | 5 6 8 |  8.4
Spellcasting   | 4 5 6 8 |  8.7
Earth Magic    | 2 4 6 7 |  7.0
Hexes          | 7 11 | 11.6
Translocations | 2 |  2.0
Fighting       | 3 |  3.6
Dodging        | |  2.4
Stealth        | |  2.4

Action                     |  1- 3 |  4- 6 |  7- 9 | 10-12 || total
---------------------------+-------+-------+-------+-------++-------
  Melee: Mace              |       |       |     8 |       ||     8
   Cast: Magic Dart        |    59 |    78 |    57 |     2 ||   196
         Searing Ray       |     1 |     6 |     3 |       ||    10
         Stone Arrow       |       |     9 |   100 |     7 ||   116
         Fulminant Prism   |       |       |    20 |     6 ||    26
         Blink             |       |       |     3 |       ||     3
    Use: Potion            |       |     1 |    10 |       ||    11
         Scroll            |       |       |     4 |       ||     4
 Armour: Robe              |     4 |     1 |     9 |     2 ||    16
  Dodge: Dodged            |     5 |     9 |    45 |     1 ||    60
